 Dungeon Crawl Stone Soup version 0.27.1 (webtiles) character file.

Game seed: 1993134238771210857

1958 Atelerd the Digger (level 9, -11/54 HPs)
             Began as an Octopode Earth Elementalist on Sept 1, 2021.
             Mangled by Harold (24 damage)
             ... on level 6 of the Dungeon.
             The game lasted 00:10:35 (6716 turns).

Atelerd the Digger (Octopode Earth Elementalist)    Turns: 6716, Time: 00:10:35

Health: -11/54     AC:  1    Str:  4 (7)  XL:     9   Next: 19%
Magic:  1/16       EV: 15    Int: 17 (20) God:
Gold:   257        SH:  0    Dex: 18 (19) Spells: 13/18 levels left

rFire    . . .     SeeInvis .   n - +0 dagger (protect)
rCold    . . .     Faith    .   (no shield)
rNeg     . . .     Spirit   .   (helmet restricted)
rPois    .         Reflect  .   (no amulet)
rElec    .         Harm     .   o - +6 ring of dexterity
rCorr    .         Rampage  .   m - +4 ring of slaying
Will     .....                  (no ring)
Stlth    +++++.....             (no ring)
HPRegen  0.18/turn              (no ring)
MPRegen  0.15/turn              (no ring)
                                (no ring)
                                (no ring)

@: marked, attractive, hasted, very quick
A: almost no armour, amphibious, 8 rings, camouflage 1, gelatinous body 1,
(nimble swimmer 1), tentacles
a: no special abilities


You were on level 6 of the Dungeon.
You visited 2 branches of the dungeon, and saw 8 of its levels.

You collected 257 gold pieces.

Inventory:

Hand Weapons
 c - a +0 short sword
 n - a +0 dagger of protection (weapon)
 q - a +0 spear of venom
Missiles
 b - 51 stones (quivered)
Jewellery
 d - a ring of flight
 m - a +4 ring of slaying (right tentacle)
 o - a +6 ring of dexterity (left tentacle)
Wands
 x - a wand of mindburst (13)
Scrolls
 a - 4 scrolls of teleportation {unknown}
 e - a scroll of silence {unknown}
 f - a scroll of fog {unknown}
 g - 4 scrolls of identify {unknown}
 j - a scroll of acquirement {unknown}
 k - a scroll of fear {unknown}
 s - a scroll of magic mapping {unknown}
 t - a scroll of noise {unknown}
 u - 2 scrolls of enchant armour {unknown}
Potions
 h - a potion of haste
 i - a potion of flight {unknown}
 l - a potion of attraction
 p - a potion of curing {unknown}
 r - a potion of ambrosia {unknown}
 v - a potion of degeneration
 w - a potion of cancellation {unknown}


   Skills:
 - Level 2.0 Fighting
 - Level 2.0 Short Blades
 - Level 5.0 Dodging
 - Level 7.0 Stealth
 + Level 5.2 Spellcasting
 - Level 4.0 Transmutations
 - Level 7.0 Earth Magic


You had 13 spell levels left.
You knew the following spells:

 Your Spells              Type           Power      Damage    Failure   Level
a - Sandblast             Erth           56%        2d13      1%          1
p - Petrify               Tmut/Erth      23%        N/A       14%         4

Your spell library contained the following spells:

 Spells                   Type           Power      Damage    Failure   Level
 Passwall                 Tmut/Erth      19%        N/A       2%          2
 Stone Arrow              Conj/Erth      32%        3d9       10%         3
 Shock                    Conj/Air       16%        1d4       14%         1
 Swiftness                Air            4%         N/A       38%         3
 Airstrike                Air            2%         N/A       80%         4
 Bolt of Magma            Conj/Fire/Erth 6%         4d6       83%         5
 Shatter                  Erth           14%        3d14*     100%        9


Dungeon Overview and Level Annotations

Branches:
Dungeon (7/15)             Temple (1/1) D:6

Altars:
Ashenzari
Elyvilon
Hepliaklqana
Kikubaaqudgha
Makhleb
Nemelex Xobeh
Qazlal
Ru
Uskayaw
Wu Jian
Xom
Yredelemnul
Zin
The Shining One

Annotations:
D:3 1 runed translucent door, exclusion: 2 downstairs, tape's ghost, amateur FoEE
D:6 Harold
D:7 Pikel


Innate Abilities, Weirdness & Mutations

You cannot wear most types of armour.
You are amphibious.
You can wear up to eight rings at the same time.
Your skin changes colour to match your surroundings (Stealth+).
Your rubbery body absorbs attacks. (AC +1, EV +1)
((You are camouflaged near water. (Stealth+)))
You have tentacles for arms and can constrict up to eight enemies at once.


Message History

Press: ? - help, Shift-Dir - straight line, f - Harold
Aim: Harold, wielding a +0 war axe, wearing a +3 scale mail of cold resistance and quivering 2 throwing nets (heavily wounded, chance to affect: 23%) Harold resists with almost no effort.
Harold throws a throwing net.
The throwing net hits you.
You become entangled in the net!
You struggle against the net.
You tear a large gash into the net.
Harold hits you with a +0 war axe!
You shred the net and break free! Harold misses you.
Casting: Petrify (dangerous; 12% risk of failure)
Confirm with . or Enter, or press ? or * to list all spells.
Aiming: Petrify (dangerous; 12% risk of failure)
Press: ? - help, Shift-Dir - straight line, f/p - Harold
Aim: Harold, wielding a +0 war axe, wearing a +3 scale mail of cold resistance and quivering a throwing net (heavily wounded, chance to affect: 23%) Harold resists with almost no effort.
Harold says, "This is so exciting!
What a great way to end my career!"
Harold gestures at you while chanting. A sentinel's mark forms upon you.
Casting: Petrify (dangerous; 12% risk of failure)
Confirm with . or Enter, or press ? or * to list all spells.
Aiming: Sandblast (safe; 1% risk of failure)
Press: ? - help, Shift-Dir - straight line, f/p - Harold
Aim: Harold, wielding a +0 war axe, wearing a +3 scale mail of cold resistance and quivering a throwing net (heavily wounded, 89% to hit)
The blast of sand hits Harold.
Harold is heavily wounded.
b - 51 stones Harold barely misses you.
Harold casts a spell at you. The mark upon you grows brighter.
Harold throws a throwing net.
The throwing net closely misses you. Harold fires a harpoon shot at you.
The harpoon shot hits you!
You are yanked forward by the harpoon shot.
You feel yourself speed up. Harold hits you with a +0 war axe.
* * * LOW HITPOINT WARNING * * *
It was a potion of attraction.
You feel attractive to monsters.
It was a potion of degeneration.
There was something very wrong with that liquid.
You feel weakened.
You feel dopey.
You feel clumsy. Harold hits you with a +0 war axe!!
You die...

..## ##.#
##...####### #..#
.≈.## #..# #..##
###..# ≈≈..# ##.##
##.## ##....### .≈..#
#..#####..# #......##
....# ##........#
##.......# ##..#
####.....# #.........
##..# ###..##
##########.. #...#
#...#####..# ##.
..### ##..@@......#
#. .##
########...#######.##
#. .# #......(..##
#..### #. .##
#..######## ##.@..###
#. ..####.##
#.......#### ##..#..#
####......>.# #
##....#####
#.....)....## #
##.......#
####..##..#.## #
#...##### #.#######.#


You could see Harold.

Vanquished Creatures
  Sigmund (D:6)
  Menkaure (D:4)
  A water moccasin (D:5)
  2 black bears
  A necrophage (D:5)
  2 ogres (D:4)
  A lemure (D:6)
  A phantom (D:4)
  5 scorpions
  A water moccasin skeleton (D:5)
  2 howler monkeys (D:5)
  2 jellies
  2 orc priests (D:4)
  3 hounds
  3 iguanas
  3 orc wizards
  Natasha (twice) (D:3)
  A hound skeleton (D:4)
  Robin (D:3)
  7 gnolls
  4 adders
  A shadow imp (D:5)
  2 adder skeletons (D:4)
  A dart slug (D:2)
  7 orcs
  2 ball pythons (D:1)
  6 bats
  5 endoplasms
  2 giant cockroaches
  14 goblins
  9 hobgoblins
  3 jackals (D:3)
  9 kobolds
  3 quokkas (D:1)
  A frilled lizard (D:3)
  4 rats
115 creatures vanquished.

Notes
Turn   | Place    | Note
-------+----------+-------------------------------------------
     0 | D:1      | Atelerd the Octopode Earth Elementalist began the quest for
                  | the Orb.
     0 | D:1      | Reached XP level 1. HP: 11/11 MP: 3/3
   192 | D:1      | Reached XP level 2. HP: 16/17 MP: 5/5
   844 | D:1      | Reached XP level 3. HP: 21/21 MP: 6/6
  1935 | D:3      | Reached XP level 4. HP: 27/27 MP: 7/7
  1956 | D:3      | Found a runed translucent door.
  1957 | D:3      | Noticed tape's ghost (amateur FoEE)
  1995 | D:3      | Noticed Natasha
  2002 | D:3      | Killed Natasha
  2138 | D:3      | Reached XP level 5. HP: 21/31 MP: 6/9
  2277 | D:3      | Learned a level 4 spell: Petrify
  2282 | D:3      | Noticed Robin
  2296 | D:3      | Killed Robin
  2797 | D:4      | Noticed a black bear
  2801 | D:4      | Noticed an ogre
  2803 | D:4      | Killed a black bear
  2804 | D:4      | Reached skill level 5 in Stealth
  2804 | D:4      | Reached XP level 6. HP: 16/36 MP: 7/10
  2965 | D:4      | Noticed Menkaure
  2991 | D:4      | Killed Menkaure
  2994 | D:4      | Reached XP level 7. HP: 22/41 MP: 6/12
  3024 | D:3      | Noticed Natasha
  3030 | D:3      | Killed Natasha
  3211 | D:4      | Reached skill level 5 in Earth Magic
  3541 | D:4      | Reached skill level 5 in Spellcasting
  3541 | D:4      | Reached XP level 8. HP: 46/46 MP: 8/15
  3780 | D:5      | Entered Level 5 of the Dungeon
  4190 | D:5      | Identified the +1 leather armour "Zinalo Qanea" {Rampage}
  4409 | D:5      | Reached skill level 1 in Fighting
  4409 | D:5      | Reached skill level 1 in Short Blades
  5166 | D:6      | Reached XP level 9. HP: 54/54 MP: 13/16
  5423 | D:6      | Found a stormy altar of Qazlal.
  5670 | D:6      | Found a staircase to the Ecumenical Temple.
  5833 | Temple   | Entered the Ecumenical Temple
  5962 | D:6      | Noticed Sigmund
  6014 | D:6      | Killed Sigmund
  6015 | D:6      | Reached skill level 5 in Dodging
  6681 | D:7      | Noticed Pikel
  6681 | D:7      | Noticed Harold
  6716 | D:6      | Mangled by Harold

Illustrated notes

Levels and vault maps discovered:
D:1:      grunt_arrival_lava_bath, layout_loops_ring
D:2:      layout_basic
D:3:      layout_loops_ring, ebering_ghost_sewer_d, st_stairs_13,
          chequers_serial_rivers_micro_a, uniq_robin, uniq_natasha
D:4:      layout_cave_pools, uniq_menkaure
D:5:      layout_basic, kennysheep_small_square
D:6:      layout_layer_cave, nicolae_qazlal_scattered_showers,
          minmay_temple_entry_sparse_star, serial_rivers,
          chequers_serial_rivers_large_a, chequers_serial_rivers_room_b,
          chequers_serial_rivers_micro_e, chequers_serial_rivers_marsh,
          chequers_serial_rivers_small_b, sigmund_army
D:7:      layout_loops_ring, serial_shops, kennysheep_mini_moat,
          serial_bayou_pond_d, minivault_22, amcnicky_mini_rare_corridor_liquid,
          grunt_ministairs_14, uniq_joseph, uniq_pikel, uniq_harold
Temple:   dshaligram_water_room_temple

Skill      XL: |  1  2  3  4  5  6  7  8  9 |
---------------+----------------------------+-----
Stealth        | 3 4 5 6 7 |  7.0
Transmutations | 2 3 4 |  4.0
Spellcasting   | 3 5 |  5.2
Earth Magic    | 4 5 7 |  7.0
Fighting       | 2 |  2.0
Short Blades   | 2 |  2.0
Dodging        | 3 5 |  5.0

Action                   |  1- 3 |  4- 6 |  7- 9 || total
-------------------------+-------+-------+-------++-------
Melee: Short sword       |    43 |       |       ||    43
       Unarmed           |     6 |       |       ||     6
       Constrict         |    13 |    10 |    18 ||    41
       Tentacles         |    13 |     7 |    18 ||    38
       Dagger            |    22 |    35 |    87 ||   144
 Cast: Sandblast         |     4 |    23 |    70 ||    97
       Petrify           |       |       |     8 ||     8
  Use: Potion            |       |       |     6 ||     6
 Stab: Sleeping          |    15 |     5 |     7 ||    27
       Petrified         |       |       |     6 ||     6
       Petrifying        |       |       |     1 ||     1
Armor: Skin              |    15 |    14 |    31 ||    60
Dodge: Dodged            |    34 |    32 |    57 ||   123
